 Dungeon Crawl Stone Soup version 0.26-a0-837-g5a8a614f01 (webtiles) character file.

Game seed: 17646080392590955148

2612 Morbidden the Skirmisher (level 9, 37/69 HPs)
             Began as a Demonspawn Fighter on Nov 18, 2020.
             Was an Initiate of Ru.
             Quit the game on level 7 of the Dungeon.
             The game lasted 00:09:24 (6252 turns).

Morbidden the Skirmisher (Demonspawn Fighter)       Turns: 6252, Time: 00:09:24

Health: 37/69      AC: 20    Str: 26    XL:     9   Next: 34%
Magic:  10/14      EV:  7    Int:  9    God:    Ru [......]
Gold:   405        SH: 11    Dex: 15    Spells: 15/15 levels left

rFire    . . .     SeeInvis .   g - +0 short sword (flame)
rCold    . . .     Faith    .   c - +0 kite shield
rNeg     . . .     Spirit   +   l - +0 plate armour
rPois    +         Reflect  .   t - +2 helmet
rElec    .         Harm     .   E - +2 cloak
rCorr    .         Rampage  .   r - +0 pair of gloves
MR       .....                  (no boots)
Stlth    ..........             h - amulet of guardian spirit
HPRegen  0.21/turn              C - +6 ring of strength
MPRegen  0.14/turn              q - ring of poison resistance

@: marked
A: claws 1, thin skeletal structure 1, demonic guardian 1, spiny 2
a: Sacrifice an Eye, Sacrifice Arcana, Sacrifice Purity, Reject Sacrifices,
Renounce Religion


You were on level 7 of the Dungeon.
You worshipped Ru.
Ru was noncommittal.
You visited 2 branches of the dungeon, and saw 8 of its levels.

You collected 405 gold pieces.

Inventory:

Hand Weapons
 a - a +2 scimitar
 g - a +0 short sword of flaming (weapon)
 u - a +1 short sword of freezing
 A - a +1 fustibalus of freezing
Armour
 c - a +0 kite shield (worn)
 l - a +0 plate armour (worn)
 r - a +0 pair of gloves (worn)
 t - a +2 helmet (worn)
 E - a +2 cloak (worn)
Jewellery
 h - an amulet of guardian spirit (around neck)
 o - an uncursed amulet of magic regeneration {unknown}
 q - a ring of poison resistance (right hand)
 C - a +6 ring of strength (left hand)
Wands
 B - a wand of acid (6)
Scrolls
 b - 3 scrolls of teleportation {unknown}
 e - 5 scrolls of remove curse
 f - 2 scrolls of fear {unknown}
 j - 5 scrolls of identify {unknown}
 m - a scroll of magic mapping {unknown}
 v - a scroll of enchant weapon {unknown}
 w - a scroll of amnesia {unknown}
 y - a scroll of blinking {unknown}
 D - a scroll of brand weapon {unknown}
Potions
 d - 3 potions of might
 i - a potion of haste
 k - 2 potions of mutation {unknown}
 p - 2 potions of attraction {unknown}
 s - a potion of flight {unknown}
 x - a potion of curing {unknown}
 z - a potion of degeneration {unknown}


   Skills:
 * Level 5.7 Fighting
 + Level 4.2(5.4) Short Blades
 + Level 5.0(5.7) Long Blades
 + Level 5.2 Armour
 * Level 3.8 Dodging
 + Level 0.5 Stealth
 + Level 5.0 Shields
 * Level 3.7 Spellcasting
 + Level 0.4 Evocations


You had 15 spell levels left.
You didn't know any spells.
Your spell library was empty.

Dungeon Overview and Level Annotations

Branches:
Dungeon (7/15)             Temple (1/1) D:5

Altars:
Ashenzari
Cheibriados
Dithmenos
Fedhas
Gozag
Hepliaklqana
Kikubaaqudgha
Makhleb
Nemelex Xobeh
Okawaru
Qazlal
Ru
Sif Muna
Trog
Uskayaw
Vehumet
Wu Jian
Xom
Yredelemnul
Zin
The Shining One

Shops:
D:6 *


Innate Abilities, Weirdness & Mutations

You have sharp fingernails.
You have a somewhat thin skeletal structure. (Dex +2, Stealth)
A weak demonic guardian rushes to your aid.
You are mostly covered in sharp spines.


Message History

You destroy the wight!
No target in view!
No target in view!
Unknown command.
Ru believes you are ready to make a new sacrifice.
Things that are here:
a cursed +3 battleaxe; a +0 robe
Things that are here:
a +2 scimitar; a +0 robe
n - a +2 scimitar Drop what? 31/52 slots (_ for help) (? for menu, Esc to quit)
You drop a +0 long sword.
Unknown command.
Adjust to which letter? (? for menu, Esc to quit)
a - a +2 scimitar Unknown command.
Okay, then.
Unknown command.
Unknown command.
Are you sure you want to abandon this character and quit the game? (Confirm with "yes".)

.....(.†...##....
......)(......#.
...........#....
..........##.###
..........#8.8##.
........)........
.....$..)$#8.8#.
..........##.##
.......@†## .#
.....#.#)# .
.#.....#.# .
#...#...###
....###....# ##.#
#.##...... #. #.#
#####. ###.####.#
#........#


There were no monsters in sight!

Vanquished Creatures
  Harold (D:7)
  Pikel (D:4)
  Grinder (D:6)
  Edmund (D:4)
  A sky beast (D:6)
  A phantom (D:6)
  A centaur (D:6)
  3 lemures (D:4)
  A bullfrog (D:6)
  A scorpion (D:6)
  4 wights (D:7)
  2 howler monkeys (D:7)
  A quasit (D:6)
  2 hounds (D:4)
  A bullfrog skeleton (D:6)
  2 jellies
  A centaur skeleton (D:2)
  Crazy Yiuf (D:6)
  Natasha (twice) (D:4)
  3 worker ants (D:4)
  A killer bee zombie (D:6)
  A hound skeleton (D:4)
  Robin (D:4)
  4 gnolls
  6 adders
  A shadow imp (D:6)
  A white imp (D:4)
  An ufetubus (D:5)
  2 oozes
  An adder skeleton (D:5)
  2 worms
  2 dart slugs
  A leopard gecko (D:1)
  12 orcs
  5 giant cockroaches
  28 goblins
  10 hobgoblins
  40 jackals
  9 kobolds
  A quokka (D:4)
  A ball python (D:7)
  6 bats
  5 frilled lizards
  A jackal zombie (D:5)
  7 rats
180 creatures vanquished.

Vanquished Creatures (collateral kills)
  A lemure (D:4)
  Blork the orc (D:6)
  A howler monkey (D:7)
  A centaur zombie (D:7)
  A hound (D:7)
  An adder (D:6)
6 creatures vanquished.

Grand Total: 186 creatures vanquished

Notes
Turn   | Place    | Note
-------+----------+-------------------------------------------
     0 | D:1      | Morbidden the Demonspawn Fighter began the quest for the
                  | Orb.
     0 | D:1      | Reached XP level 1. HP: 18/18 MP: 1/1
   135 | D:1      | Gained mutation: You are partially covered in sharp spines.
                  | [demonic ancestry]
   135 | D:1      | Reached XP level 2. HP: 18/24 MP: 2/2
   737 | D:2      | Gained mutation: A weak demonic guardian rushes to your
                  | aid. [demonic ancestry]
   737 | D:2      | Reached XP level 3. HP: 22/29 MP: 3/3
  1071 | D:2      | Gained mutation: You have a somewhat thin skeletal
                  | structure. (Dex +2, Stealth) [demonic ancestry]
  1071 | D:2      | Reached XP level 4. HP: 35/35 MP: 4/4
  1241 | D:2      | Found a shimmering blue altar of Sif Muna.
  1334 | D:2      | Found a sparkling altar of Nemelex Xobeh.
  1371 | D:2      | Found a shimmering altar of Xom.
  2099 | D:3      | Found an ancient bone altar of Kikubaaqudgha.
  2500 | D:3      | Found an opulent altar of Gozag.
  2543 | D:3      | Reached skill level 1 in Short Blades
  2543 | D:3      | Reached XP level 5. HP: 42/42 MP: 6/6
  2925 | D:4      | Reached skill level 1 in Dodging
  2925 | D:4      | Reached skill level 1 in Spellcasting
  3115 | D:4      | Noticed Edmund
  3139 | D:4      | Killed Edmund
  3140 | D:4      | Gained mutation: You are mostly covered in sharp spines.
                  | [demonic ancestry]
  3140 | D:4      | Reached XP level 6. HP: 18/48 MP: 3/8
  3370 | D:4      | Noticed Natasha
  3381 | D:4      | Killed Natasha
  3570 | D:4      | Noticed Robin
  3583 | D:4      | Killed Robin
  3710 | D:4      | Noticed Pikel
  3762 | D:4      | Killed Pikel
  3763 | D:4      | Reached XP level 7. HP: 24/55 MP: 6/10
  4067 | D:4      | Noticed Natasha
  4075 | D:4      | Killed Natasha
  4152 | D:5      | Entered Level 5 of the Dungeon
  4199 | D:5      | Found a staircase to the Ecumenical Temple.
  4215 | Temple   | Entered the Ecumenical Temple
  4395 | Temple   | Became a worshipper of Ru the Awakened
  4776 | D:6      | Found Nyagg's General Store.
  4782 | D:6      | Reached XP level 8. HP: 54/61 MP: 9/12
  4971 | D:6      | Noticed Blork the orc
  4973 | D:6      | Noticed Grinder
  4979 | D:6      | Paralysed by Grinder for 3 turns
  4980 | D:6      | Killed Blork the orc
  4991 | D:6      | Paralysed by Grinder for 3 turns
  4997 | D:6      | Killed Grinder
  5142 | D:6      | Reached skill level 5 in Fighting
  5325 | D:6      | Found a runed translucent door.
  5326 | D:6      | Noticed Crazy Yiuf
  5480 | D:6      | Killed Crazy Yiuf
  6195 | D:7      | Noticed Harold
  6239 | D:7      | Killed Harold
  6240 | D:7      | Reached skill level 5 in Long Blades
  6240 | D:7      | Reached skill level 5 in Armour
  6240 | D:7      | Reached skill level 5 in Shields
  6240 | D:7      | Gained mutation: You have sharp fingernails. [demonic
                  | ancestry]
  6240 | D:7      | Reached XP level 9. HP: 34/68 MP: 9/14
  6252 | D:7      | Quit the game

Illustrated notes

Levels and vault maps discovered:
D:1:      ncdulo_smallfort, layout_rooms, hex_large
D:2:      layout_basic, nemelex_altar_shiori, lemuel_blue_sif_altar,
          xom_teletrap_fun
D:3:      layout_loops_corners, general_overflow_altar, marbit_many_paths,
          kennysheep_nondescript, grunt_ministairs_9
D:4:      kennysheep_goblin_castle, layout_cave_pools, minmay_joined_circles,
          uniq_edmund, uniq_natasha, uniq_pikel
D:5:      layout_rooms, minmay_temple_entry_arrows
D:6:      layout_rooms, serial_shops, nicolae_shop_waterfront,
          minmay_misc_feat_encased, chequers_serial_rivers_room_b,
          uniq_crazy_yiuf_cottage, uniq_grinder, uniq_blork_the_orc
D:7:      layout_rooms, basic_altar, fountainhead, nicolae_zen_rock_garden,
          small_statue_intersection, uniq_harold
Temple:   eino_temple_rhombus

Skill      XL: |  1  2  3  4  5  6  7  8 |
---------------+-------------------------+-----
Long Blades    | 2 3 4 5 |  5.0
Armour         | 3 4 5 |  5.2
Shields        | 3 4 5 |  5.0
Short Blades   | 1 2 3 4 |  4.2
Dodging        | 1 2 3 |  3.8
Spellcasting   | 1 2 3 |  3.7
Fighting       | 4 5 |  5.7
Stealth        | |  0.5
Evocations     | |  0.4

Action                   |  1- 3 |  4- 6 |  7- 9 || total
-------------------------+-------+-------+-------++-------
Melee: Long sword        |    35 |       |    38 ||    73
       Short sword       |    53 |   279 |   128 ||   460
Evoke: Wand              |       |     2 |     3 ||     5
  Use: Potion            |       |     2 |       ||     2
       Scroll            |       |     1 |     1 ||     2
 Stab: Distracted        |       |     1 |       ||     1
Armor: Scale mail        |    48 |       |       ||    48
       Plate armour      |       |   162 |    84 ||   246
Dodge: Dodged            |    26 |    28 |    34 ||    88
Block: Kite shield       |    49 |   144 |    89 ||   282
       Rpst.: Long sword |     3 |       |     5 ||     8

Table legend: (Time is in decaauts)
 A = Elapsed time spent in this place.
 B = Non-inter-level travel time spent in this place.
 C = Inter-level travel time spent in this place.
 D = Time resting spent in this place.
 E = Time spent auto-exploring this place.
 F = Levels seen in this place.
 G = Mean time per level.
                   A        B        C        D        E       F      G
               +--------+--------+--------+--------+--------+-----+--------+
         Total |   6274 |   5898 |    376 |    238 |   4496 |   8 |  784.2 |
       Dungeon |   6080 |   5727 |    353 |    238 |   4331 |   7 |  868.6 |
        Temple |    193 |    170 |     23 |      0 |    165 |   1 |  193.0 |
               +--------+--------+--------+--------+--------+-----+--------+

Top non-repeatable levels by time:
     D:3: 1261 daAuts
     D:2: 1254 daAuts
     D:4: 1244 daAuts
     D:6: 967 daAuts
     D:1: 832 daAuts
     D:5: 443 daAuts
  Temple: 193 daAuts
     D:7: 77 daAuts
